 Dungeon Crawl Stone Soup version 0.27.0-1-g7a089689b8 (webtiles) character file.

Game seed: 4481051784890627598

114 Gwenloh the Magician (level 4, -3/24 HPs)
             Began as a Deep Elf Hedge Wizard on Aug 9, 2021.
             Slain by a scorpion (7 damage)
             ... on level 4 of the Dungeon.
             The game lasted 00:08:47 (3474 turns).

Gwenloh the Magician (Deep Elf Hedge Wizard)        Turns: 3474, Time: 00:08:48

Health: -3/24      AC:  5    Str:  7    XL:     4   Next: 67%
Magic:  0/13       EV: 12    Int: 20    God:
Gold:   133        SH:  0    Dex: 14    Spells: 8/14 levels left

rFire    . . .     SeeInvis .   a - +0 dagger
rCold    . . .     Faith    .   (no shield)
rNeg     . . .     Spirit   .   b - +0 robe
rPois    .         Reflect  .   l - +0 helmet
rElec    .         Harm     .   o - +0 cloak
rCorr    .         Rampage  .   (no gloves)
Will     .....                  m - +0 pair of boots
Stlth    ++........             (no amulet)
HPRegen  0.08/turn              (no ring)
MPRegen  0.13/turn              (no ring)

@: lethally poisoned (-3 -> -6)
A: no striking features
a: no special abilities


You were on level 4 of the Dungeon.
You visited 1 branch of the dungeon, and saw 4 of its levels.

You collected 163 gold pieces.
You spent 30 gold pieces at shops.

Inventory:

Hand Weapons
 a - a +0 dagger (weapon)
Armour
 b - a +0 robe (worn)
 c - a +0 hat
 l - a +0 helmet (worn)
 m - a +0 pair of boots (worn)
 o - a +0 cloak (worn)
Jewellery
 k - an amulet of faith
Scrolls
 d - a scroll of magic mapping {unknown}
 e - a scroll of enchant armour {unknown}
 f - a scroll of acquirement {unknown}
 g - a scroll of brand weapon {unknown}
 i - a scroll of immolation {unknown}
 j - a scroll of teleportation {unknown}
 p - a scroll of enchant weapon {unknown}
 q - a scroll of fear {unknown}
 r - a scroll of summoning {unknown}
 s - a scroll of noise {unknown}
 t - a scroll of identify {unknown}
Potions
 h - a potion of resistance {unknown}


   Skills:
 - Level 2.4 Dodging
 - Level 2.4 Stealth
 + Level 5.6 Spellcasting
 * Level 4.1 Conjurations
 - Level 1.1 Summonings
 - Level 1.1 Translocations
 + Level 0.1 Fire Magic


You had 8 spell levels left.
You knew the following spells:

 Your Spells              Type           Power      Damage    Failure   Level
a - Magic Dart            Conj           88%        1d7       1%          1
b - Blink                 Tloc           N/A        N/A       11%         2
c - Conjure Flame         Conj/Fire      14%        6-21      14%         3

Your spell library contained the following spells:

 Spells                   Type           Power      Damage    Failure   Level
 Foxfire                  Conj/Fire      56%        2x1d6     4%          1
 Call Imp                 Summ           10%        N/A       11%         2
 Slow                     Hex            5%         N/A       17%         2
 Mephitic Cloud           Conj/Pois/Air  11%        N/A       19%         3
 Inner Flame              Hex/Fire       5%         N/A       32%         3


Dungeon Overview and Level Annotations

Branches:
Dungeon (4/15)
 Temple: D:4-7

Altars:
Dithmenos
Gozag
Zin

Shops:
D:3 !

Annotations:
D:4 3 runed translucent doors, jombi's ghost, novice KoBr


Message History

The scorpion is almost dead.
You feel sick. The scorpion closely misses you.
Unknown command.
Casting: Magic Dart (safe; 1% risk of failure)
Confirm with . or Enter, or press ? or * to list all spells.
Aiming: Magic Dart (safe; 1% risk of failure)
Press: ? - help, Shift-Dir - straight line, f/p - scorpion
Aim: a scorpion (almost dead, 100% to hit)
The magic dart hits the scorpion.
The scorpion is almost dead.
You feel sick. The scorpion closely misses you.
Casting: Magic Dart (safe; 1% risk of failure)
Confirm with . or Enter, or press ? or * to list all spells.
Aiming: Magic Dart (safe; 1% risk of failure)
Press: ? - help, Shift-Dir - straight line, f/p - scorpion
Aim: a scorpion (almost dead, 100% to hit)
The magic dart hits the scorpion but does no damage.
The scorpion is almost dead.
You feel sick. The scorpion closely misses you.
Casting: Magic Dart (safe; 1% risk of failure)
Confirm with . or Enter, or press ? or * to list all spells.
Aiming: Magic Dart (safe; 1% risk of failure)
Press: ? - help, Shift-Dir - straight line, f/p - scorpion
Aim: a scorpion (almost dead, 100% to hit)
The magic dart hits the scorpion but does no damage.
The scorpion is almost dead.
You feel sick.
The scorpion stings you but does no damage.
The scorpion stings you.
* * * LOW HITPOINT WARNING * * *
Casting: Magic Dart (safe; 1% risk of failure)
Confirm with . or Enter, or press ? or * to list all spells.
Aiming: Magic Dart (safe; 1% risk of failure)
Press: ? - help, Shift-Dir - straight line, f/p - scorpion
Aim: a scorpion (almost dead, 100% to hit)
The magic dart hits the scorpion but does no damage.
The scorpion is almost dead.
* * * LOW HITPOINT WARNING * * *
You feel sick. The scorpion stings you!
You die...

#.§§§§§ ##.#§#§#
...>#§§§#. #...)# #.##
#.O.. ...# #..# #..##
##.##########..# #....
.......@sO.....# #.# #
.#.###########.#####.###
#.#........
######...#####..
#.......##...###
#.##.#..#.Y..WYZ
..[....##..###Z. #..#
#†###..#..# ... #..# #.#
#..#..# ..=.


You could see an ogre and a scorpion.

Vanquished Creatures
  A jelly (D:3)
  3 adders
  2 dart slugs (D:1)
  An orc (D:4)
  2 endoplasms
  2 giant cockroaches (D:1)
  4 goblins
  3 hobgoblins
  3 jackals (D:4)
  4 quokkas
  5 ball pythons
  10 bats
  2 frilled lizards (D:1)
  5 kobolds
  3 rats
50 creatures vanquished.

Notes
Turn   | Place    | Note
-------+----------+-------------------------------------------
     0 | D:1      | Gwenloh the Deep Elf Hedge Wizard began the quest for the
                  | Orb.
     0 | D:1      | Reached XP level 1. HP: 10/10 MP: 7/7
   347 | D:1      | Reached XP level 2. HP: 11/15 MP: 4/9
   875 | D:1      | Learned a level 2 spell: Blink
  1261 | D:1      | Reached XP level 3. HP: 19/19 MP: 8/11
  1578 | D:2      | Reached skill level 5 in Spellcasting
  2514 | D:3      | Learned a level 3 spell: Conjure Flame
  2633 | D:3      | Found Leigaiv's Distillery.
  2642 | D:3      | Bought a potion of curing for 30 gold pieces
  2994 | D:3      | Reached XP level 4. HP: 24/24 MP: 7/13
  3136 | D:3      | Found an opulent altar of Gozag.
  3136 | D:3      | Found a glowing silver altar of Zin.
  3382 | D:4      | Noticed an ice beast
  3393 | D:4      | Found a runed translucent gate.
  3393 | D:4      | Found a runed translucent gate.
  3393 | D:4      | Found a runed translucent gate.
  3438 | D:4      | Noticed an ice beast
  3438 | D:4      | Noticed jombi's ghost (novice KoBr)
  3452 | D:4      | Found a shadowy altar of Dithmenos.
  3454 | D:4      | Noticed a scorpion
  3455 | D:4      | Noticed an ogre
  3474 | D:4      | Slain by a scorpion

Illustrated notes

Levels and vault maps discovered:
D:1:      ncdulo_lavacross, layout_basic
D:2:      layout_loops_cross
D:3:      layout_basic, grunt_temple_overflow_gold_and_silver, serial_shops,
          nicolae_shop_waterfront
D:4:      layout_loops_ring, mainiacjoe_overflow_six_doors_small,
          grunt_dithmenos_smoke_and_mirrors, gammafunk_ghost_icy

Skill      XL: |  1  2  3  4 |
---------------+-------------+-----
Conjurations   | 2 3 4 |  4.1
Spellcasting   | 5 |  5.6
Dodging        | |  2.4
Stealth        | |  2.4
Summonings     | |  1.1
Translocations | |  1.1
Fire Magic     | |  0.1

Action                   |  1- 3 |  4- 6 || total
-------------------------+-------+-------++-------
Melee: Dagger            |     1 |       ||     1
 Cast: Magic Dart        |   104 |    29 ||   133
       Blink             |       |     1 ||     1
  Use: Potion            |       |     1 ||     1
Armor: Robe              |     3 |     3 ||     6
Dodge: Dodged            |    10 |     6 ||    16
